Map: Кровавое диско РВ

Players

Murena - Winner!

  • Race: Terran Terran
  • Spawn Location: 3:00

ИИ 1 (эксперт)

  • Race: Zerg Zerg
  • Spawn Location: 9:00

VOD

Have the link to the VOD?

Description

Time

  • Played on: Aug. 21, 2019, 7:33 a.m.
  • Length: 13:38
Show
View Real Time Build Order
Export as new Build Order

Murena Terran - Winner!

Build Orders:  

Get SALT Encoding   

  12  0:08  Refinery  
  12  0:12  SCV  
  13  0:22  Supply Depot  
  13  0:24  SCV  
  14  0:37  SCV  
  15  0:49  Barracks  
  15  0:52  SCV  
  16  1:04  SCV  
  16  1:07  Refinery  
  17  1:16  Supply Depot  
  17  1:18  SCV  
  18  1:31  SCV  
  19  1:36  Marine  
  20  1:45  Factory  
  20  1:47  SCV  
  21  1:55  Marine  
  21  2:00  SCV  
  23  2:12  Orbital Command  
  23  2:15  Marine  
  24  2:32  Starport  
  24  2:33  Marine  
  25  2:39  SCV  
  25  2:42  Hellion  
  28  2:50  Supply Depot  
  29  2:51  SCV  
  29  2:53  Marine  
  30  3:05  Factory Tech Lab  
  30  3:07  SCV  
  30  3:09  Starport Tech Lab  
  31  3:14  Fusion Core  
  31  3:15  Barracks Tech Lab  
  31  3:25  Bunker  
  31  3:33  Supply Depot  
  31  3:35  SCV  
  31  3:40  Marauder  
  34  3:59  SCV  
  34  4:01  Battlecruiser  
  41  4:04  Marauder  
  43  4:12  Siege Tank  
  46  4:20  Supply Depot  
  46  4:22  SCV  
  47  4:32  Barracks  
  47  4:37  Barracks  
  47  4:45  Factory  
  47  4:50  SCV  
  48  4:55  Engineering Bay  
  48  4:59  Marauder  
  50  5:02  Hellion  
  52  5:40  Supply Depot  
  38  6:46  Battlecruiser  
Show
View Real Time Build Order
Export as new Build Order

ИИ 1 (эксперт) Zerg 

Build Orders: Hatch First 

Get SALT Encoding   

  12  0:00  Drone  
  13  0:12  Overlord  
  13  0:16  Drone  
  14  0:30  Drone x2  
  14  0:34  Drone  
  17  0:54  Hatchery  
  17  0:56  Drone  
  17  1:12  Spawning Pool  
  17  1:13  Extractor  
  17  1:15  Drone  
  16  1:19  Drone  
  16  1:22  Drone  
  18  1:28  Drone  
  19  1:38  Overlord  
  19  1:49  Drone  
  20  2:00  Zergling x2  
  20  2:01  Queen  
  21  2:05  Drone  
  24  2:11  Queen  
  26  2:17  Drone  
  27  2:30  Roach Warren  
  27  2:32  Drone, Extractor  
  27  2:36  Drone  
  27  2:42  Overlord  
  27  2:46  Drone  
  27  2:49  Drone  
  29  2:52  Drone  
  29  2:55  Drone  
  29  2:58  Drone  
  32  3:03  Zergling x2  
  32  3:05  Zergling x2  
  34  3:13  Roach x2  
  34  3:18  Roach  
  40  3:21  Roach  
  40  3:23  Drone  
  40  3:27  Drone  
  44  3:32  Overlord  
  44  3:39  Lair  
  44  3:50  Drone x4  
  44  3:53  Drone  
  44  3:55  Drone  
  50  3:57  Drone  
  50  3:59  Drone  
  52  4:03  Overlord  
  52  4:21  Drone x5  
  52  4:22  Zergling x6  
  60  4:26  Overlord  
  60  4:29  Overlord  
  60  4:39  Hydralisk Den, Drone  
  60  4:40  Infestation Pit, Drone  
  60  4:44  Roach  
  60  4:45  Roach x2  
  66  4:46  Roach  
  66  4:49  Overlord  
  68  5:07  Hydralisk x2  
  68  5:08  Hydralisk  
  68  5:09  Hydralisk, Drone  
  68  5:11  Drone  
  77  5:14  Zergling x2  
  77  5:15  Overlord  
  77  5:17  Hive  
  78  5:25  Infestor  
  80  5:30  Overlord  
  80  5:33  Overlord  
  80  5:36  Evolution Chamber  
  80  5:37  Drone  
  80  5:40  Evolution Chamber  
  80  5:41  Drone  
  80  5:44  Overlord  
  80  5:47  Overlord  
  80  5:53  Zergling x2  
  80  5:54  Infestor  
  80  5:55  Zergling x2  
  80  5:56  Zergling x2  
  85  5:57  Zergling x2  
  85  5:59  Zergling x2  
  85  6:00  Queen  
  85  6:02  Spore Crawler  
  85  6:03  Hydralisk, Drone  
  85  6:05  Spore Crawler, Zergling x2, Drone  
  80  6:12  Hydralisk  
  76  6:20  Roach  
  76  6:22  Roach  
  76  6:28  Queen, Drone  
  76  6:31  Hydralisk  
  79  6:33  Drone  
  79  6:35  Drone  
  79  6:37  Drone x2  
  79  6:40  Hydralisk  
  79  6:41  Extractor  
  79  6:42  Drone  
  79  6:44  Drone  
  77  6:49  Hydralisk  
  75  6:54  Extractor  
  75  6:55  Drone  
  75  6:58  Hydralisk  
  75  7:00  Drone  
  75  7:01  Drone x2  
  73  7:06  Drone  
  73  7:07  Drone x3  
  71  7:10  Hydralisk  
  68  7:16  Hydralisk  
  68  7:22  Drone  
  69  7:27  Hydralisk  
  71  7:32  Drone x2  
  71  7:33  Drone x2  
  71  7:36  Overseer  
  75  7:39  Drone  
  75  7:43  Drone  
  77  7:50  Drone  
  78  7:56  Ultralisk Cavern  
  78  7:57  Drone  
  78  7:58  Hatchery  
  78  8:01  Drone  
  76  8:13  Hydralisk  
  76  8:18  Hydralisk  
  74  8:23  Hydralisk  
  74  8:25  Drone  
  70  8:27  Drone x2  
  70  8:28  Hydralisk  
  70  8:29  Drone  
  70  8:30  Drone  
  70  8:31  Drone  
  70  8:32  Drone  
  70  8:37  Drone  
  70  8:38  Drone  
  68  8:42  Zerg Missile Weapons Level 1  
  68  8:47  Drone  
  65  8:49  Drone  
  63  8:57  Hydralisk  
  63  8:58  Ultralisk, Drone  
  63  8:59  Drone  
  63  9:00  Hydralisk  
  63  9:02  Extractor  
  59  9:10  Queen  
  59  9:17  Hydralisk  
  54  9:25  Drone  
  54  9:27  Drone  
  51  9:31  Drone  
  51  9:35  Drone  
  46  9:39  Drone  
  46  9:43  Drone  
  48  9:46  Drone  
  48  9:51  Drone  
  49  9:55  Drone  
  45  10:06  Queen  
  34  10:10  Drone  
  35  10:14  Drone  
  35  10:17  Drone  
  34  10:22  Drone  
  26  10:55  Drone x6  
Tags
 
Add a new tag
Caveats
  • Supply blocks, unpowered buildings, or Contaminate may cause inaccurate times.
  • Supply counts are checked every 10 seconds.